 Dungeon Crawl Stone Soup version 0.19.5 (webtiles) character file.

507 Azzok the Slasher (level 6, 0/51 HPs)
             Began as a Centaur Fighter on June 22, 2017.
             Was a Follower of Okawaru.
             Slain by Eustachio
             ... wielding a +1 falchion of slicing
              (1 damage)
             ... on level 4 of the Dungeon.
             The game lasted 00:07:13 (5176 turns).

Azzok the Slasher (Centaur Fighter)                 Turns: 5176, Time: 00:07:13

Health: 0/51       AC:  7    Str: 21    XL:     6   Next: 97%
Magic:  6/8        EV:  9    Int:  7    God:    Okawaru [*.....]
Gold:   149        SH: 10    Dex:  8    Spells: 0 memorised, 5 levels left

rFire  . . .     SeeInvis .     a - +0 long sword
rCold  . . .     Gourm    .     b - +0 scale mail
rNeg   . . .     Faith    .     c - +0 shield
rPois  .         Spirit   .     (no helmet)
rElec  .         Reflect  .     (no cloak)
rCorr  .         Harm     .     (no gloves)
MR     .....                    (no barding)
Stlth  +.........               (no amulet)
                                (no ring)
                                (no ring)

@: heroism, very quick
A: hooves 3, deformed body, speed 2, tough skin 3
a: Heroism, Renounce Religion


You were on level 4 of the Dungeon.
You worshipped Okawaru.
Okawaru was aware of your devotion.
You were hungry.

You visited 1 branch of the dungeon, and saw 4 of its levels.

You collected 149 gold pieces.

Inventory:

Hand Weapons
 a - a +0 long sword (weapon)
Missiles
 k - 58 arrows
Armour
 b - a +0 scale mail (worn)
 c - a +0 shield (worn)
Scrolls
 d - a scroll of enchant weapon {unknown}
 e - 4 scrolls of identify {unknown}
 h - a scroll of teleportation {unknown}
 j - 3 scrolls of remove curse
Potions
 g - 2 potions of lignification {unknown}
 i - a potion of heal wounds {unknown}
 n - a potion of mutation {unknown}
 r - a potion of invisibility {unknown}
 s - a potion of cancellation {unknown}
Comestibles
 f - 2 bread rations {@e1}
 l - a slice of pizza
 m - 3 fruits
 o - a royal jelly
 p - 2 beef jerkies


   Skills:
 - Level 3.0(8.0) Fighting
 * Level 6.1(11.1) Long Blades
 - Level 2.1(7.1) Armour
 - Level 2.1(7.1) Shields
 + Level 3.4 Invocations


You had 5 spell levels left.
You didn't know any spells.

Dungeon Overview and Level Annotations

Branches:
Dungeon (4/15)
 Temple: D:4-7

Altars:
Cheibriados
Elyvilon
Fedhas
Gozag
Hepliaklqana
Nemelex Xobeh
Okawaru
Zin
The Shining One

Annotations:
D:4 Eustachio


Innate Abilities, Weirdness & Mutations

You have hooves in place of feet.
Armour fits poorly on your strangely shaped body.
You cover ground very quickly.
You have extremely tough skin. (AC +3)


Message History

The bat hits you but does no damage.
Eustachio hits you with a falchion of slicing.
* * * LOW HITPOINT WARNING * * *
x2 The bat hits you but does no damage.
You block the river rat's attack. x2
You take 2 damage, and have 7/51 hp.
Your shield and scale mail prevent you from hitting Eustachio.
Your kick misses Eustachio.
Eustachio is almost dead.
The bat hits you.
* * * LOW HITPOINT WARNING * * *
The bat barely misses you. You block Eustachio's attack.
You block the river rat's attack. The river rat bites you.
* * * LOW HITPOINT WARNING * * *
The crimson imp barely misses you.
You take 4 damage, and have 3/51 hp.
You gain the combat prowess of a mighty hero.
You block the bat's attack. The bat hits you but does no damage.
Eustachio hits you with a falchion of slicing.
* * * LOW HITPOINT WARNING * * *
You die...

···8▒··▒▒▒▒▒▒▒········▒ ···
···▒▒·······▒▒········▒ ···▒▒
·······▒▒···▒▒········▒ ···
··▒····▒▒···▒▒········▒ ··
··▒····▒▒···▒▒▒·▒▒'▒▒▒▒
··▒····▒▒···▒▒▒·▒▒·▒▒▒▒▒▒▒
···············b···▒·····▒
···············b·········▒ ·
···············5@r·······╬ ··▒
··············▒@▒r·▒·····▒▒▒▒····
····▒··▒▒·▒▒▒╬▒·▒··▒·············
····▒··▒▒·······▒)·▒▒·······▒···▒
·······▒▒·······▒················
▒▒···▒▒▒▒········<···············
▒8···8▒ ▒·▒▒▒╬▒··▒·▒▒·······▒·▒▒·
▒▒···▒▒▒▒·▒▒▒·▒··▒_▒▒·······▒·▒
▒▒···▒▒·······▒··▒····▒▒▒▒▒▒▒ ·


You could see Eustachio, a crimson imp, 2 river rats and 2 bats.

Vanquished Creatures
  The ghost of Azzok the Skirmisher, an amateur CeFi (D:3)
  An ogre (D:4)
  2 hounds (D:4)
  An orc priest (D:2)
  Ijyb (D:3)
  A worker ant (D:4)
  5 adders
  4 gnolls
  An adder skeleton (D:4)
  3 worms
  3 dart slugs
  3 leopard geckos
  10 orcs
  3 ball pythons
  10 bats
  2 giant cockroaches
  5 goblins
  6 hobgoblins
  7 jackals
  10 kobolds
  2 quokkas
  2 frilled lizards
  A quokka skeleton (D:4)
  7 rats
91 creatures vanquished.

Notes
Turn   | Place    | Note
-------+----------+-------------------------------------------
     0 | D:1      | Azzok the Centaur Fighter began the quest for the Orb.
     0 | D:1      | Reached XP level 1. HP: 19/19 MP: 1/1
    66 | D:1      | Reached skill level 2 in Long Blades
   162 | D:1      | Reached XP level 2. HP: 9/26 MP: 2/2
   897 | D:1      | Reached skill level 3 in Long Blades
  1119 | D:2      | Reached XP level 3. HP: 31/31 MP: 3/3
  1207 | D:2      | Found a faded altar of an unknown god.
  1207 | D:2      | Found a faded altar of an unknown god.
  1254 | D:2      | Found a faded altar of an unknown god.
  1256 | D:2      | Found a hazy altar of Hepliaklqana.
  1258 | D:2      | Found a faded altar of an unknown god.
  1345 | D:2      | Found a glowing golden altar of the Shining One.
  1594 | D:2      | Found an iron altar of Okawaru.
  1600 | D:2      | Became a worshipper of Warmaster Okawaru
  2092 | D:3      | Noticed Ijyb
  2101 | D:3      | Killed Ijyb
  2101 | D:3      | Reached skill level 4 in Long Blades
  2101 | D:3      | Reached XP level 4. HP: 32/38 MP: 4/4
  2114 | D:3      | Found a sparkling altar of Nemelex Xobeh.
  2139 | D:3      | Noticed Azzok's ghost (amateur CeFi)
  2149 | D:3      | Killed Azzok's ghost
  2149 | D:3      | Reached XP level 5. HP: 4/45 MP: 4/6
  2797 | D:3      | Found a blossoming altar of Fedhas.
  2813 | D:3      | Reached skill level 5 in Long Blades
  3106 | D:3      | Found a snail-covered altar of Cheibriados.
  3529 | D:2      | Reached XP level 6. HP: 29/51 MP: 7/7
  3668 | D:3      | Reached * piety under Okawaru
  4410 | D:4      | Found an opulent altar of Gozag.
  4515 | D:4      | Found a white marble altar of Elyvilon.
  4516 | D:4      | Found a glowing silver altar of Zin.
  4662 | D:4      | Noticed Eustachio
  4987 | D:4      | Reached skill level 6 in Long Blades
  5176 | D:4      | HP: 1/51 [Eustachio/falchion of slicing (2)]
  5176 | D:4      | Slain by Eustachio

Skill      XL: |  1  2  3  4  5  6 |
---------------+-------------------+-----
Long Blades    | 2 3 4 5 6 |  6.1
Invocations    | 2 3 |  3.4
Fighting       | |  3.0
Armour         | |  2.1
Shields        | |  2.1

Action                   |  1- 3 |  4- 6 || total
-------------------------+-------+-------++-------
Melee: Long sword        |   166 |   222 ||   388
       Kick              |    22 |    53 ||    75
Invok: Heroism           |       |     2 ||     2
  Use: Scroll            |     2 |       ||     2
       Potion            |       |     1 ||     1
  Eat: Chunk             |     3 |     8 ||    11
Armor: Scale mail        |    98 |   127 ||   225
Dodge: Dodged            |    41 |    53 ||    94
Block: Shield            |    68 |    99 ||   167
       Rpst.: Long sword |    10 |    11 ||    21
